 Dungeon Crawl Stone Soup version 0.28-a0-1613-gdaab1c2f9b (webtiles) character file.

Game seed: 8367163592575902200

82 jfcaron the Magician (level 4, -1/31 HPs)
             Began as a Djinni Fire Elementalist on Jan 22, 2022.
             Killed from afar by Sigmund (5 damage)
             ... with a magic dart
             ... on level 2 of the Dungeon.
             The game lasted 00:04:12 (2318 turns).

jfcaron the Magician (Djinni Fire Elementalist)     Turns: 2318, Time: 00:04:13

Health: -1/31      AC:  2    Str:  7    XL:     4   Next: 70%
Gold:   118        EV: 12    Int: 19    God:
                   SH:  0    Dex: 13

rFire   + + .      SeeInvis .   (no weapon)
rCold   x . .      Faith    .   (no shield)
rNeg    . . .      Spirit   .   a - +0 robe
rPois   ∞          Reflect  .   (no helmet)
rElec   .          Harm     .   (no cloak)
rCorr   .          Rampage  .   (no gloves)
Will    .....                   (boots unavailable)
Stlth   ++........              (no amulet)
HPRegen 0.10/turn               (no ring)
MPRegen 0.00/turn               (no ring)

@: flying
A: sickness immunity, fire resistance 2, cold vulnerability 1, float, innate
caster, hp casting, extra vitality 1
a: no special abilities


You were on level 2 of the Dungeon.
You visited 1 branch of the dungeon, and saw 2 of its levels.

You collected 118 gold pieces.

Inventory:

Missiles
 b - 18 arrows
 c - 5 poisoned darts
 h - 106 stones
 l - 23 bolts
Armour
 a - a +0 robe (worn)
Wands
 m - a wand of digging (4)
Scrolls
 e - a scroll of blinking {unknown}
 f - 6 scrolls of identify {unknown}
 g - a scroll of brand weapon {unknown}
 i - a scroll of magic mapping {unknown}
 j - a scroll of amnesia {unknown}
 n - 2 scrolls of teleportation {unknown}
Potions
 d - a potion of haste {unknown}
 k - 3 potions of curing {unknown}


   Skills:
 - Level 2.1 Dodging
 - Level 1.5 Stealth
 + Level 4.0 Spellcasting


You couldn't memorise any spells.
You knew the following spells:

 Your Spells              Type           Power      Damage    Failure   Level
a - Foxfire               Conj/Fire      76%        2x1d7     2%          1
b - Scorch                Fire           38%        2d6       4%          2
c - Conjure Flame         Conj/Fire      19%        6-21      8%          3
d - Inner Flame           Hex/Fire       19%        N/A       8%          3
e - Flame Wave            Conj/Fire      19%        2d6       26%         4
f - Shock                 Conj/Air       76%        1d7       2%          1
Your spell library was empty.

Dungeon Overview and Level Annotations

Branches:
Dungeon (2/15)

Altars:
Cheibriados

Annotations:
D:2 Sigmund


Innate Abilities, Weirdness & Mutations

You are immune to sickness and miasma.
You are immune to poison.
Your flesh is very heat resistant. (rF++)
You are vulnerable to cold. (rC-)
You float through the air rather than walking.
You learn spells naturally, not from books.
Your magical power is your life essence.
You have superior vitality. (+4 MHP)


Message History

Press: ? - help, Shift-Dir - straight line
Casting: Shock (safe; 2% risk of failure)
Confirm with . or Enter, or press ? or * to list all spells.
Aiming: Shock (safe; 2% risk of failure)
Press: ? - help, Shift-Dir - straight line
Casting: Shock (safe; 2% risk of failure)
Confirm with . or Enter, or press ? or * to list all spells.
Aiming: Shock (safe; 2% risk of failure)
Press: ? - help, Shift-Dir - straight line The zap hits something.
Casting: Shock (safe; 2% risk of failure)
Confirm with . or Enter, or press ? or * to list all spells.
Aiming: Shock (safe; 2% risk of failure)
Press: ? - help, Shift-Dir - straight line
Casting: Shock (safe; 2% risk of failure)
Confirm with . or Enter, or press ? or * to list all spells.
Aiming: Shock (safe; 2% risk of failure)
Press: ? - help, Shift-Dir - straight line The zap hits something.
Casting: Shock (safe; 2% risk of failure)
Confirm with . or Enter, or press ? or * to list all spells.
Aiming: Shock (safe; 2% risk of failure)
Press: ? - help, Shift-Dir - straight line
Casting: Shock (safe; 2% risk of failure)
Confirm with . or Enter, or press ? or * to list all spells.
Aiming: Shock (safe; 2% risk of failure)
Press: ? - help, Shift-Dir - straight line The zap hits something.
* * * LOW HITPOINT WARNING * * *
A puff of flame appears from out of thin air!
The puff of flame hits you. You resist.
* * * LOW HITPOINT WARNING * * *
Casting: Shock (safe; 2% risk of failure)
Confirm with . or Enter, or press ? or * to list all spells.
Aiming: Shock (safe; 2% risk of failure)
Press: ? - help, Shift-Dir - straight line
* * * LOW HITPOINT WARNING * * *
A magic dart appears from out of thin air!
The magic dart hits you.
You die...

##########################
.............[...........#
########################.#
#.######## #.........
#################################
................@○..{..........>.
.....########################....
.....##......################....
......'.............†..<......†..
.....##......##################.#
.....##......# .........
#######......# #######.# #......#
.........
#######......###############.....


There were no monsters in sight!

Vanquished Creatures
  Natasha (D:2)
  An adder (D:2)
  A worm (D:2)
  4 bats
  6 endoplasms
  3 giant cockroaches
  2 goblins
  4 hobgoblins
  2 quokkas (D:1)
  7 ball pythons
  3 frilled lizards
  A kobold (D:2)
  10 rats
  63 foxfires
108 creatures vanquished.

Notes
Turn   | Place    | Note
-------+----------+-------------------------------------------
     0 | D:1      | jfcaron the Djinni Fire Elementalist began the quest for
                  | the Orb.
     0 | D:1      | Reached XP level 1. HP: 15/15 MP: 0/0
   270 | D:1      | Reached XP level 2. HP: 14/21 MP: 0/0
   421 | D:1      | Found a faded altar of an unknown god.
   544 | D:1      | Reached skill level 3 in Spellcasting
  1058 | D:1      | Reached XP level 3. HP: 23/25 MP: 0/0
  1058 | D:1      | Learned a level 1 spell: Shock
  1581 | D:2      | Found a snail-covered altar of Cheibriados.
  1752 | D:2      | Reached XP level 4. HP: 30/31 MP: 0/0
  1784 | D:2      | Noticed Natasha
  1791 | D:2      | Killed Natasha
  2239 | D:2      | Reached skill level 4 in Spellcasting
  2298 | D:2      | Noticed Sigmund
  2317 | D:2      | HP: 5/31 [something/puff of flame (4)]
  2318 | D:2      | Killed from afar by Sigmund

Illustrated notes

Levels and vault maps discovered:
D:1:      ncdulo_smallfort, layout_loops_ring, serial_bayou,
          serial_bayou_ford_a, serial_bayou_crossing, serial_bayou_shore_b,
          serial_bayou_pond_d, basic_ecumenical_altar, minmay_tall_x
D:2:      layout_basic, basic_altar, uniq_natasha, uniq_sigmund

Skill      XL: |  1  2  3  4 |
---------------+-------------+-----
Spellcasting   | 3 4 |  4.0
Dodging        | |  2.1
Stealth        | |  1.5

Action                   |  1- 3 |  4- 6 || total
-------------------------+-------+-------++-------
Melee: Unarmed           |     2 |     3 ||     5
 Cast: Foxfire           |    32 |    10 ||    42
       Shock             |    27 |    17 ||    44
       Conjure Flame     |       |     3 ||     3
       Scorch            |       |     1 ||     1
Armor: Robe              |     4 |       ||     4
Dodge: Dodged            |     8 |     1 ||     9

Table legend: (Time is in decaauts)
 A = Elapsed time spent in this place.
 B = Non-inter-level travel time spent in this place.
 C = Inter-level travel time spent in this place.
 D = Time resting spent in this place.
 E = Time spent auto-exploring this place.
 F = Levels seen in this place.
 G = Mean time per level.
                   A        B        C        D        E       F      G
               +--------+--------+--------+--------+--------+-----+--------+
         Total |   2318 |   2253 |     65 |    539 |   1491 |   2 | 1159.0 |
       Dungeon |   2318 |   2253 |     65 |    539 |   1491 |   2 | 1159.0 |
               +--------+--------+--------+--------+--------+-----+--------+

Top non-repeatable levels by time:
     D:1: 1310 daAuts
     D:2: 1008 daAuts
